 Dungeon Crawl Stone Soup version 0.30.0-29-ga12c61a403 (webtiles) character file.

Game seed: 15849652312000987386

29187 qw the Cleaver (level 13, -5/65 HPs)
             Began as a Gargoyle Fighter on June 4, 2023.
             Was a High Priest of Okawaru.
             Killed from afar by a starcursed mass (6 damage)
             ... with an accursed screaming
             ... on level 1 of the Abyss.
             The game lasted 00:07:34 (12223 turns).

qw the Cleaver (Gargoyle Fighter)                  Turns: 12223, Time: 00:07:34

Health: -5/65      AC: 37    Str: 21    XL:     13   Next: 43%
Magic:  18/20      EV: 20    Int: 11    God:    Okawaru [*****.]
Gold:   817        SH:  9    Dex: 15    Spells: 12/12 levels left

rFire   x . .        Y - +4 war axe (flame)
rCold   . . .        y - +2 buckler {AC+3}
rNeg    + + +        b - +1 plate armour {rN+}
rPois   inf          (no helmet)
rElec   +            p - +0 cloak
rCorr   .            s - +2 pair of gloves of Zemiqafo {rF- rN++ Dex+6}
SInv    .            u - +0 pair of boots
Will    .....        v - amulet of faith Stlth
                     m - +5 ring of evasion
HPRegen 0.00/turn    n - +5 ring of evasion
MPRegen 0.17/turn

%: faith
@: about to teleport, heroic, inhibited regen
A: sickness immunity, AC +9, negative energy resistance 1, electricity
resistance, torment resistance 1, petrification resistance, [frail 2],
[inhibited regeneration], [weak 1]
a: Renounce Religion, Heroism, Finesse, Duel


You were on level 1 of the Abyss.
You worshipped Okawaru.
Okawaru was extremely pleased with you.
You visited 3 branches of the dungeon, and saw 14 of its levels.
You visited the Abyss 1 time.

You collected 923 gold pieces.
You spent 106 gold pieces at shops.


Innate Abilities, Weirdness & Mutations

You are immune to sickness and miasma.
Your stone body is resilient. (AC +9)
You are immune to poison.
You resist negative energy. (rN+)
You are resistant to electric shocks. (rElec)
You are resistant to unholy torment.
You are immune to petrification.
[You are very frail. (-20% HP)]
[You do not regenerate when monsters are visible.]
[You are weak. (Str -2)]


   Skills:
 + Level 10.1(15.1) Fighting
 - Level 14.0(19.0) Axes
 - Level 2.0(7.0) Throwing
 - Level 10.1(15.1) Armour
 - Level 3.0(8.0) Dodging
 - Level 6.7(11.7) Shields
 - Level 10.1 Invocations


You had 12 spell levels left.
You didn't know any spells.
Your spell library was empty.

Inventory:

Hand Weapons
 Y - a +4 war axe of flaming (weapon)
Missiles
 t - 6 boomerangs (quivered)
Armour
 b - a +1 plate armour of positive energy (worn)
 p - a +0 cloak (worn)
 s - the +2 pair of gloves of Zemiqafo (worn) {rF- rN++ Dex+6}
   (You acquired it on level 8 of the Dungeon)

   Dex:       It affects your dexterity (+6).
   rF:        It makes you vulnerable to fire.
   rN:        It greatly protects you from negative energy.
 u - a +0 pair of boots (worn)
 x - a +1 pair of gloves of hurling
 y - a +2 buckler of protection (worn)
Jewellery
 k - an amulet of reflection
 l - a ring of ice
 m - a +5 ring of evasion (left hand)
 n - a +5 ring of evasion (right hand)
 v - an amulet of faith (around neck)
Scrolls
 a - 5 scrolls of identify
 j - 5 scrolls of teleportation
Potions
 d - 2 potions of might
 f - 5 potions of haste
 h - 3 potions of lignification
 i - 2 potions of attraction
 o - 2 potions of mutation
 q - a potion of resistance

Dungeon Overview and Level Annotations

Branches:
Dungeon (11/15)            Temple (1/1) D:5            Lair (2/5) D:11
    Orc (0/2) D:9
  Swamp: Lair:2-3    Shoals: Lair:2-3     Snake: Lair:2-3    Spider: Lair:2-3

Altars:
Ashenzari
Cheibriados
Dithmenos
Elyvilon
Fedhas
Gozag
Hepliaklqana
Kikubaaqudgha
Makhleb
Nemelex Xobeh
Okawaru
Qazlal
Ru
Sif Muna
Trog
Uskayaw
Vehumet
Wu Jian
Xom
Yredelemnul
Zin
The Shining One
Ignis

Shops:
D:5 :   D:7 [[*(

Annotations:
D:8 2 transporters, qw's ghost, novice GrFi
Lair:2 Sonja


Message History

You hit the starcursed mass. You burn the starcursed mass.
The starcursed mass is lightly damaged.
The starcursed mass shudders and is absorbed by its neighbour.
12218 ||| Stepping ~*~*~tactically~*~*~ (hiding).
The large abomination hits you!!
12219 ||| READING 6 scrolls of teleportation.
As you read the scroll of teleportation, it crumbles to dust.
You feel strangely unstable.
You feel the power of the Abyss delaying your translocation!
You feel like a meek peon again.
12220 ||| INVOKING Heroism.
You gain the combat prowess of a mighty hero.
You block the small abomination's attack.
The large abomination barely misses you.
The small abomination barely misses you.
You hit the starcursed mass but do no damage.
The starcursed mass is lightly damaged.
You completely miss the starcursed mass.
You hit the large abomination. You burn the large abomination.
You hit the small abomination. You burn the small abomination.
The starcursed mass touches you but does no damage.
The starcursed mass closely misses you.
The small abomination hits you but does no damage.
The large abomination completely misses you.
You slash the small abomination! You burn the small abomination.
You destroy the small abomination!
Okawaru accepts your kill.
You slash the large abomination! You burn the large abomination.
You hit the starcursed mass. You burn the starcursed mass.
You slash the starcursed mass! You burn the starcursed mass.
The starcursed mass shudders and is absorbed by its neighbour. x2
You feel the corruption within you wane somewhat.
Your body's shape seems more normal.
You feel stronger.
You hit the large abomination but do no damage.
The large abomination is heavily damaged.
You hit the starcursed mass. You burn the starcursed mass.
The starcursed mass shudders and withdraws towards its neighbour.
The large abomination misses you.
The starcursed mass shrieks in your mind.
You die...

#.~ . ## .~
##. .## ~
#.. .¤.#~###
.
##..#.#.###
#.
#...##..#..
#
##..........
##X...X....#
.¤..#@#¤#. #
#.XX#..#
#..X.#.##.#
#X##....#.#
..X #####..#
#.. ## ..#.
.


You could see a starcursed mass and a large abomination.

Vanquished Creatures
  A draconian stormcaller (Abyss:1)
  A hydra (D:11)
  A boulder beetle (D:11)
  A centaur warrior (D:11)
  5 two-headed ogres
  A thrashing horror (Abyss:1)
  A tengu warrior (D:11)
  A wretched star (Abyss:1)
  An orc knight (D:11)
  An oklob plant (Lair:1)
  3 ugly things (D:11)
  A worldbinder (Abyss:1)
  3 manticores
  4 cyclopes
  3 elephants (Lair:2)
  5 cane toads
  A cane toad (shapeshifter) (D:11)
  A gargoyle (D:8)
  An orange demon (Abyss:1)
  An unseen horror (D:11)
  A kobold demonologist (D:10)
  A yaktaur (D:11)
  An ancient zyme (Abyss:1)
  3 komodo dragons (Lair:1)
  3 trolls
  Grinder (D:4)
  5 blink frogs (Lair:1)
  Sigmund (D:5)
  A culicivora (Lair:2)
  A vampire (D:11)
  A wraith (D:11)
  3 shadows
  17 yaks
  A steam dragon (D:9)
  An acid dragon (D:11)
  2 large abominations (Abyss:1)
  3 water moccasins
  4 orc warriors
  2 ice beasts
  A sky beast (D:6)
  2 black bears
  2 centaurs
  3 phantoms
  2 small abominations (Abyss:1)
  8 bullfrogs
  4 kobold brigands
  A scorpion (D:7)
  16 wights
  A troll zombie (D:9)
  3 howler monkeys (D:9)
  11 orc priests
  2 hounds
  A gnoll bouda (D:7)
  2 quasits (Abyss:1)
  2 jellies
  3 starcursed masses (Abyss:1)
  20 orc wizards
  Natasha (D:4)
  7 iguanas
  5 ogre zombies (D:9)
  4 gnolls (D:7)
  2 adders (D:4)
  A white imp (D:8)
  2 ufetubi
  A worm (D:3)
  3 dart slugs
  68 orcs
  10 ball pythons
  6 endoplasms
  6 giant cockroaches
  13 goblins
  4 hobgoblins
  7 jackals
  A quokka (D:1)
  6 bats
  5 frilled lizards
  3 goblin skeletons (D:9)
  2 goblin zombies (D:9)
  3 hobgoblin skeletons (D:9)
  A hobgoblin zombie (D:9)
  19 kobolds
  3 orc skeletons (D:9)
  7 orc zombies (D:9)
  4 rats
367 creatures vanquished.

Notes
Turn   | Place    | Note
-------+----------+-------------------------------------------
     0 | D:1      | qw the Gargoyle Fighter began the quest for the Orb.
     0 | D:1      | Reached XP level 1. HP: 14/14 MP: 1/1
     0 | D:1      | 0 ||| qw: Version: 0.2-a-106-g05974ce
     0 | D:1      | 0 ||| qw: Game counter: 1157
     0 | D:1      | 0 ||| qw: Always use a shield: true
     0 | D:1      | 0 ||| qw: God list: Okawaru
     0 | D:1      | 0 ||| qw: Allow faded altars: false
     0 | D:1      | 0 ||| qw: Do Orc after D:15 true
     0 | D:1      | 0 ||| qw: Do second Lair branch before Depths: true
     0 | D:1      | 0 ||| qw: Lair rune preference: random
     0 | D:1      | 0 ||| qw: Plans: Normal, Zot:1-4, Slime:5, God:TSO, Crypt,
                  | Tomb, Abyss, Pan, Hells, Win
     0 | D:1      | 0 ||| PLANNING D:1-11
    42 | D:1      | 42 ||| Stepping ~*~*~tactically~*~*~ (stealth).
    45 | D:1      | 45 ||| Stepping ~*~*~tactically~*~*~ (hiding).
    48 | D:1      | 48 ||| Stepping ~*~*~tactically~*~*~ (hiding).
    49 | D:1      | 49 ||| Stepping ~*~*~tactically~*~*~ (hiding).
    54 | D:1      | Reached skill level 2 in Axes
    62 | D:1      | Reached XP level 2. HP: 17/19 MP: 2/2
   144 | D:1      | 144 ||| Stepping ~*~*~tactically~*~*~ (stealth).
   145 | D:1      | 145 ||| Stepping ~*~*~tactically~*~*~ (stealth).
   172 | D:1      | 172 ||| Stepping ~*~*~tactically~*~*~ (stealth).
   222 | D:1      | Reached skill level 3 in Axes
   464 | D:1      | 464 ||| READING scroll labelled KETREB FYDIDDE.
   465 | D:1      | 465 ||| READING scroll labelled NYEMETWOGA.
   466 | D:1      | 466 ||| READING scroll labelled RIUNO ZUQ EXO.
   467 | D:1      | 467 ||| READING 3 scrolls labelled KOFOZUHIDO.
   492 | D:2      | 492 ||| Stepping ~*~*~tactically~*~*~ (hiding).
   495 | D:2      | Reached XP level 3. HP: 23/23 MP: 3/3
   510 | D:2      | Reached skill level 4 in Axes
   510 | D:2      | Reached XP level 4. HP: 16/28 MP: 4/4
   515 | D:2      | 515 ||| Stepping ~*~*~tactically~*~*~ (stealth).
   558 | D:2      | 558 ||| DROPPING +0 whip.
   561 | D:2      | 561 ||| DROPPING +0 flail.
   574 | D:2      | 574 ||| Stepping ~*~*~tactically~*~*~ (hiding).
   684 | D:2      | Found a white marble altar of Elyvilon.
   708 | D:2      | Found a faded altar of an unknown god.
  1059 | D:2      | 1059 ||| Stepping ~*~*~tactically~*~*~ (hiding).
  1060 | D:2      | 1060 ||| Stepping ~*~*~tactically~*~*~ (hiding).
  1348 | D:2      | Reached XP level 5. HP: 32/32 MP: 5/5
  1412 | D:2      | 1412 ||| UPGRADING to +4 ring of slaying {mikee}.
  1413 | D:2      | 1413 ||| READING scroll labelled TAWUV QEATAQOL.
  1414 | D:2      | 1414 ||| READING scroll labelled XADWAPT IGONYG.
  1561 | D:3      | 1561 ||| Stepping ~*~*~tactically~*~*~ (stealth).
  1562 | D:3      | 1562 ||| Stepping ~*~*~tactically~*~*~ (stealth).
  1628 | D:3      | 1628 ||| FLEEEEING.
  1629 | D:3      | 1629 ||| FLEEEEING.
  1645 | D:3      | 1645 ||| Stepping ~*~*~tactically~*~*~ (stealth).
  1648 | D:3      | 1648 ||| Stepping ~*~*~tactically~*~*~ (stealth).
  1649 | D:3      | 1649 ||| Stepping ~*~*~tactically~*~*~ (hiding).
  1808 | D:3      | Reached skill level 5 in Axes
  2063 | D:3      | 2063 ||| Stepping ~*~*~tactically~*~*~ (stealth).
  2078 | D:3      | Found an ornate altar of the Wu Jian Council.
  2102 | D:3      | Reached XP level 6. HP: 19/38 MP: 6/6
  2175 | D:3      | Found a basalt altar of Yredelemnul.
  2248 | D:3      | Found a sparkling altar of Nemelex Xobeh.
  2469 | D:3      | 2469 ||| UPGRADING to +5 ring of evasion.
  2470 | D:3      | 2470 ||| READING scroll labelled OLUBBAPAYTS.
  2471 | D:3      | 2471 ||| READING scroll labelled MAIRIH LYO.
  2472 | D:3      | 2472 ||| READING scroll labelled QAYLO ETTANYE.
  2473 | D:3      | 2473 ||| READING scroll labelled FEOVANWEURO.
  2474 | D:3      | 2474 ||| DRINKING 2 murky cyan potions.
  2475 | D:3      | 2475 ||| DRINKING 2 ruby potions.
  2476 | D:3      | 2476 ||| READING 2 scrolls of identify.
  2476 | D:3      | 2476 ||| IDENTIFYING sapphire potion
  2477 | D:3      | 2477 ||| DROPPING potion of brilliance.
  2596 | D:4      | Noticed Grinder
  2597 | D:4      | 2597 ||| FLEEEEING.
  2598 | D:4      | 2598 ||| FLEEEEING.
  2620 | D:4      | Paralysed by Grinder for 3 turns
  2634 | D:4      | Killed Grinder
  2635 | D:4      | Reached skill level 3 in Dodging
  2635 | D:4      | Reached XP level 7. HP: 31/43 MP: 7/7
  3080 | D:4      | Noticed Natasha
  3087 | D:4      | Killed Natasha
  3340 | D:4      | Found a snail-covered altar of Cheibriados.
  3437 | D:4      | 3437 ||| DROPPING +2 leather armour of fire resistance.
  3438 | D:4      | 3438 ||| UPGRADING to +0 chain mail.
  3448 | D:4      | 3448 ||| DROPPING +0 scale mail.
  3449 | D:4      | 3449 ||| DROPPING ring of willpower.
  3450 | D:4      | 3450 ||| READING scroll labelled JOEQUEPNEE.
  3551 | D:4      | 3551 ||| READING 4 scrolls of identify.
  3551 | D:4      | 3551 ||| IDENTIFYING lumpy black potion
  3552 | D:4      | 3552 ||| READING 3 scrolls of identify.
  3552 | D:4      | 3552 ||| IDENTIFYING coppery potion
  3553 | D:4      | 3553 ||| READING 2 scrolls of identify.
  3553 | D:4      | 3553 ||| IDENTIFYING fizzy clear potion
  3554 | D:4      | 3554 ||| DROPPING potion of invisibility.
  3597 | D:5      | Entered Level 5 of the Dungeon
  3694 | D:5      | Found a staircase to the Ecumenical Temple.
  3695 | D:5      | 3695 ||| PLANNING TEMPLE
  3695 | D:5      | 3695 ||| READING scroll labelled UMOYNU OGELO.
  3703 | Temple   | Entered the Ecumenical Temple
  3735 | Temple   | 3735 ||| PLANNING OKAWARU WORSHIP
  3784 | Temple   | Became a worshipper of Warmaster Okawaru
  3784 | Temple   | 3784 ||| PLANNING D:1-11
  3908 | D:5      | Reached skill level 6 in Axes
  3995 | D:5      | Reached * piety under Okawaru
  4005 | D:5      | Found Ehates's Vocational Training.
  4117 | D:5      | Reached XP level 8. HP: 43/48 MP: 8/8
  4173 | D:5      | Noticed Sigmund
  4175 | D:5      | 4175 ||| INVOKING Heroism.
  4179 | D:5      | Killed Sigmund
  4180 | D:5      | Reached skill level 7 in Axes
  4463 | D:5      | 4463 ||| Stepping ~*~*~tactically~*~*~ (water).
  4946 | D:5      | 4946 ||| DROPPING +6 ring of dexterity.
  4947 | D:5      | 4947 ||| DROPPING +6 ring of strength.
  4948 | D:5      | 4948 ||| DRINKING 2 fuming brown potions.
  4949 | D:5      | 4949 ||| READING 3 scrolls of identify.
  4949 | D:5      | 4949 ||| IDENTIFYING yellow potion
  4950 | D:5      | 4950 ||| READING 2 scrolls of identify.
  4950 | D:5      | 4950 ||| IDENTIFYING dark potion
  4951 | D:5      | 4951 ||| DROPPING potion of degeneration.
  5051 | D:6      | You fall into a shaft and drop 3 floors!
  5064 | D:9      | 5064 ||| Stepping ~*~*~tactically~*~*~ (hiding).
  5067 | D:9      | 5067 ||| Stepping ~*~*~tactically~*~*~ (hiding).
  5072 | D:9      | Reached skill level 1 in Throwing
  5107 | D:9      | 5107 ||| FLEEEEING.
  5112 | D:9      | 5112 ||| INVOKING Heroism.
  5126 | D:9      | Reached skill level 1 in Invocations
  5199 | D:9      | 5199 ||| UPGRADING to +1 plate armour of positive energy.
  5209 | D:9      | 5209 ||| DROPPING +0 chain mail.
  5232 | D:8      | Reached skill level 3 in Invocations
  5233 | D:8      | 5233 ||| INVOKING Heroism.
  5233 | D:8      | Noticed a gargoyle
  5240 | D:8      | Reached skill level 8 in Axes
  5240 | D:8      | Reached XP level 9. HP: 36/54 MP: 8/11
  5248 | D:8      | Killed a gargoyle
  5248 | D:8      | Reached ** piety under Okawaru
  5390 | D:8      | 5390 ||| INVOKING Heroism.
  5390 | D:8      | Noticed a two-headed ogre
  5397 | D:8      | Reached skill level 6 in Fighting
  5403 | D:8      | Killed a two-headed ogre
  5404 | D:8      | Reached skill level 9 in Axes
  5407 | D:8      | Noticed a two-headed ogre
  5408 | D:8      | 5408 ||| Stepping ~*~*~tactically~*~*~ (stealth).
  5412 | D:8      | 5412 ||| Stepping ~*~*~tactically~*~*~ (stealth).
  5413 | D:8      | 5413 ||| INVOKING Heroism.
  5420 | D:8      | Killed a two-headed ogre
  5420 | D:8      | Reached *** piety under Okawaru
  5421 | D:8      | Reached skill level 6 in Shields
  5424 | D:8      | 5424 ||| Stepping ~*~*~tactically~*~*~ (hiding).
  5430 | D:8      | Reached XP level 10. HP: 44/61 MP: 13/13
  5432 | D:8      | 5432 ||| Stepping ~*~*~tactically~*~*~ (hiding).
  5433 | D:8      | 5433 ||| Stepping ~*~*~tactically~*~*~ (hiding).
  5450 | D:8      | 5450 ||| DRINKING 4 potions of curing.
  5450 | D:8      | 5450 ||| (to cure confusion)
  5452 | D:8      | 5452 ||| DRINKING 3 potions of curing.
  5452 | D:8      | 5452 ||| (to cure confusion)
  5454 | D:8      | 5454 ||| DRINKING 2 potions of curing.
  5454 | D:8      | 5454 ||| (to cure confusion)
  5458 | D:8      | 5458 ||| INVOKING Heroism.
  5607 | D:8      | 5607 ||| UPGRADING to +5 ring of evasion.
  5609 | D:8      | 5609 ||| DROPPING +4 ring of slaying {mikee}.
  5670 | D:7      | Found Fabboru's General Store.
  5682 | D:7      | 5682 ||| DRINKING potion of curing.
  5682 | D:7      | 5682 ||| (to cure confusion)
  5694 | D:7      | Found Zerypt's Weapon Boutique.
  5694 | D:7      | Found Wihuodgh's Armour Shoppe.
  5696 | D:7      | Found Gizamuti's Armour Emporium.
  5700 | D:7      | 5700 ||| SHOPLISTING ring of fire (325 gold, have 280).
  5700 | D:7      | 5700 ||| BUYING scroll of teleportation (39 gold).
  5700 | D:7      | Bought a scroll of teleportation for 39 gold pieces
  5739 | D:7      | 5739 ||| BUYING +0 cloak (67 gold).
  5739 | D:7      | Bought a +0 cloak for 67 gold pieces
  5739 | D:7      | 5739 ||| SHOPLISTING +0 scale mail of Recklessness {rC+
                  | rCorr Int+3 Dex+3} (543 gold, have 174).
  5739 | D:7      | 5739 ||| SHOPLISTING scarf of resistance (480 gold, have
                  | 174).
  5741 | D:7      | 5741 ||| SHOPLISTING +2 chain mail of cold resistance (279
                  | gold, have 174).
  5768 | D:7      | 5768 ||| Stepping ~*~*~tactically~*~*~ (stealth).
  5769 | D:7      | 5769 ||| Stepping ~*~*~tactically~*~*~ (stealth).
  5772 | D:7      | 5772 ||| Stepping ~*~*~tactically~*~*~ (stealth).
  5774 | D:7      | 5774 ||| Stepping ~*~*~tactically~*~*~ (hiding).
  5777 | D:7      | 5777 ||| INVOKING Heroism.
  5796 | D:7      | 5796 ||| Stepping ~*~*~tactically~*~*~ (hiding).
  5965 | D:7      | Found a shimmering blue altar of Sif Muna.
  6179 | D:7      | 6179 ||| UPGRADING to +0 cloak.
  6184 | D:7      | 6184 ||| DROPPING +4 chain mail.
  6185 | D:7      | 6185 ||| READING scroll labelled TOEDIQ DADAOLY.
  6186 | D:7      | 6186 ||| READING 2 scrolls of identify.
  6186 | D:7      | 6186 ||| IDENTIFYING inky potion
  6408 | D:6      | 6408 ||| Stepping ~*~*~tactically~*~*~ (stealth).
  6605 | D:6      | Reached skill level 6 in Armour
  6712 | D:6      | 6712 ||| INVOKING Heroism.
  6967 | D:6      | 6967 ||| DROPPING scarf of harm.
  6968 | D:6      | 6968 ||| UPGRADING to +0 pair of boots.
  6973 | D:6      | 6973 ||| READING scroll labelled CIESEEVAOTWOH.
  6974 | D:6      | 6974 ||| READING 3 scrolls labelled WEMA MAURA.
  6975 | D:6      | 6975 ||| DROPPING 2 scrolls of magic mapping.
  7147 | D:7      | Reached **** piety under Okawaru
  7253 | D:7      | 7253 ||| UPGRADING to amulet of reflection.
  7388 | D:8      | Identified the ring of the Final Decision {rF+ Slay+5}
  7390 | D:8      | Identified the +1 scale mail of Ozaruip {Rampage rF+
                  | Stlth+}
  7416 | D:8      | Noticed qw's ghost (novice GrFi)
  7434 | D:8      | Found a transporter.
  7440 | D:8      | Found a transporter.
  7616 | D:8      | Found a blossoming altar of Fedhas.
  7694 | D:9      | Noticed a cyclops
  7695 | D:9      | 7695 ||| Stepping ~*~*~tactically~*~*~ (hiding).
  7697 | D:9      | 7697 ||| Stepping ~*~*~tactically~*~*~ (hiding).
  7698 | D:9      | 7698 ||| Stepping ~*~*~tactically~*~*~ (hiding).
  7700 | D:9      | 7700 ||| Stepping ~*~*~tactically~*~*~ (hiding).
  7703 | D:9      | 7703 ||| INVOKING Heroism.
  7708 | D:9      | Reached skill level 10 in Axes
  7714 | D:9      | Killed a cyclops
  7820 | D:9      | Reached skill level 6 in Invocations
  7912 | D:9      | 7912 ||| Stepping ~*~*~tactically~*~*~ (stealth).
  7919 | D:9      | 7919 ||| FLEEEEING.
  7920 | D:9      | 7920 ||| FLEEEEING.
  7921 | D:9      | 7921 ||| FLEEEEING.
  7922 | D:9      | 7922 ||| FLEEEEING.
  7923 | D:9      | 7923 ||| FLEEEEING.
  7924 | D:9      | 7924 ||| FLEEEEING.
  7925 | D:9      | 7925 ||| FLEEEEING.
  7926 | D:9      | 7926 ||| FLEEEEING.
  7927 | D:9      | 7927 ||| FLEEEEING.
  7928 | D:9      | 7928 ||| FLEEEEING.
  7929 | D:9      | 7929 ||| FLEEEEING.
  7930 | D:9      | 7930 ||| FLEEEEING.
  7941 | D:9      | 7941 ||| FLEEEEING.
  7942 | D:9      | 7942 ||| FLEEEEING.
  7943 | D:9      | 7943 ||| FLEEEEING.
  7944 | D:9      | 7944 ||| FLEEEEING.
  7956 | D:9      | Reached XP level 11. HP: 64/68 MP: 15/15
  8119 | D:9      | 8119 ||| Stepping ~*~*~tactically~*~*~ (stealth).
  8121 | D:9      | 8121 ||| INVOKING Heroism.
  8157 | D:9      | 8157 ||| INVOKING Heroism.
  8200 | D:9      | 8200 ||| FLEEEEING.
  8201 | D:9      | 8201 ||| FLEEEEING.
  8202 | D:9      | 8202 ||| FLEEEEING.
  8203 | D:9      | 8203 ||| FLEEEEING.
  8204 | D:9      | 8204 ||| FLEEEEING.
  8205 | D:9      | 8205 ||| FLEEEEING.
  8206 | D:9      | 8206 ||| FLEEEEING.
  8207 | D:9      | 8207 ||| FLEEEEING.
  8209 | D:9      | 8209 ||| STAIRDANCE
  8231 | D:8      | 8231 ||| READING scroll labelled TUH QACRASSELI.
  8231 | D:8      | Identified a scroll of acquirement
  8231 | D:8      | 8231 ||| ACQUIRING +2 pair of gloves of Zemiqafo {rF- rN++
                  | Dex+6}
  8231 | D:8      | Acquired the +2 pair of gloves of Zemiqafo {rF- rN++ Dex+6}
  8233 | D:8      | 8233 ||| UPGRADING to +2 pair of gloves of Zemiqafo {rF-
                  | rN++ Dex+6}.
  8297 | D:9      | 8297 ||| INVOKING Heroism.
  8327 | D:9      | 8327 ||| Stepping ~*~*~tactically~*~*~ (stealth).
  8333 | D:9      | 8333 ||| Stepping ~*~*~tactically~*~*~ (stealth).
  8345 | D:9      | 8345 ||| Stepping ~*~*~tactically~*~*~ (stealth).
  8362 | D:9      | 8362 ||| FLEEEEING.
  8363 | D:9      | 8363 ||| FLEEEEING.
  8364 | D:9      | 8364 ||| FLEEEEING.
  8365 | D:9      | 8365 ||| FLEEEEING.
  8366 | D:9      | 8366 ||| FLEEEEING.
  8367 | D:9      | 8367 ||| FLEEEEING.
  8370 | D:9      | 8370 ||| FLEEEEING.
  8371 | D:9      | 8371 ||| FLEEEEING.
  8372 | D:9      | 8372 ||| FLEEEEING.
  8407 | D:9      | 8407 ||| Stepping ~*~*~tactically~*~*~ (stealth).
  8413 | D:9      | Found a staircase to the Orcish Mines.
  8675 | D:10     | Entered Level 10 of the Dungeon
  8678 | D:10     | Noticed a manticore
  8679 | D:10     | 8679 ||| INVOKING Heroism.
  8688 | D:10     | Killed a manticore
  8769 | D:10     | Noticed a two-headed ogre
  8770 | D:10     | 8770 ||| INVOKING Heroism.
  8778 | D:10     | Killed a two-headed ogre
  8860 | D:10     | Found a broken altar of Ashenzari.
  8882 | D:10     | Found a glowing golden altar of the Shining One.
  8951 | D:10     | 8951 ||| READING scroll of enchant weapon.
  8951 | D:10     | 8951 ||| ENCHANTING +1 war axe of venom.
  9019 | D:10     | Noticed a deep troll
  9035 | D:10     | 9035 ||| INVOKING Heroism.
  9268 | D:10     | Found a hazy altar of Hepliaklqana.
  9368 | D:10     | Found a shadowy altar of Dithmenos.
  9465 | D:11     | Found a staircase to the Lair.
  9495 | D:11     | 9495 ||| READING scroll of enchant weapon.
  9495 | D:11     | 9495 ||| ENCHANTING +2 war axe of venom.
  9500 | D:11     | 9500 ||| Stepping ~*~*~tactically~*~*~ (stealth).
  9514 | D:11     | Reached skill level 11 in Axes
  9565 | D:11     | 9565 ||| Stepping ~*~*~tactically~*~*~ (stealth).
  9567 | D:11     | 9567 ||| Stepping ~*~*~tactically~*~*~ (hiding).
  9568 | D:11     | 9568 ||| Stepping ~*~*~tactically~*~*~ (hiding).
  9570 | D:11     | 9570 ||| Stepping ~*~*~tactically~*~*~ (hiding).
  9572 | D:11     | 9572 ||| Stepping ~*~*~tactically~*~*~ (hiding).
  9579 | D:11     | 9579 ||| Stepping ~*~*~tactically~*~*~ (hiding).
  9584 | D:11     | 9584 ||| DRINKING potion of curing.
  9584 | D:11     | 9584 ||| (to cure confusion)
  9609 | D:11     | Noticed a cyclops
  9610 | D:11     | 9610 ||| INVOKING Heroism.
  9614 | D:11     | 9614 ||| Stepping ~*~*~tactically~*~*~ (hiding).
  9615 | D:11     | 9615 ||| Stepping ~*~*~tactically~*~*~ (hiding).
  9626 | D:11     | Killed a cyclops
  9683 | D:11     | Reached ***** piety under Okawaru
  9696 | D:11     | Noticed a manticore
  9697 | D:11     | 9697 ||| INVOKING Heroism.
  9707 | D:11     | Killed a manticore
  9708 | D:11     | Reached skill level 9 in Invocations
  9768 | D:11     | Noticed a two-headed ogre
  9768 | D:11     | Noticed a cyclops
  9769 | D:11     | 9769 ||| Stepping ~*~*~tactically~*~*~ (stealth).
  9771 | D:11     | 9771 ||| Stepping ~*~*~tactically~*~*~ (hiding).
  9773 | D:11     | 9773 ||| INVOKING Heroism.
  9778 | D:11     | Killed a two-headed ogre
  9793 | D:11     | Killed a cyclops
  9803 | D:11     | 9803 ||| Stepping ~*~*~tactically~*~*~ (stealth).
  9840 | D:11     | 9840 ||| Stepping ~*~*~tactically~*~*~ (stealth).
  9844 | D:11     | 9844 ||| Stepping ~*~*~tactically~*~*~ (stealth).
  9857 | D:11     | Reached XP level 12. HP: 75/75 MP: 19/19
  9875 | D:11     | Noticed an eight-headed hydra
  9876 | D:11     | 9876 ||| INVOKING Heroism.
  9877 | D:11     | 9877 ||| INVOKING Finesse.
  9882 | D:11     | 9882 ||| SWAPPING to +0 morningstar.
  9886 | D:11     | Killed an eight-headed hydra
  9887 | D:11     | Reached skill level 9 in Fighting
  9887 | D:11     | 9887 ||| SWAPPING to +3 war axe of venom.
  9888 | D:11     | Noticed a boulder beetle
  9889 | D:11     | 9889 ||| Stepping ~*~*~tactically~*~*~ (stealth).
  9921 | D:11     | Killed a boulder beetle
  9935 | D:11     | Noticed a centaur warrior
  9936 | D:11     | 9936 ||| Stepping ~*~*~tactically~*~*~ (hiding).
  9944 | D:11     | Killed a centaur warrior
  9961 | D:11     | 9961 ||| Stepping ~*~*~tactically~*~*~ (hiding).
  9971 | D:11     | 9971 ||| INVOKING Heroism.
  9996 | D:11     | Reached skill level 12 in Axes
 10043 | D:11     | Received a gift from Okawaru
 10044 | D:11     | Noticed a tengu warrior
 10056 | D:11     | 10056 ||| INVOKING Heroism.
 10057 | D:11     | Killed a tengu warrior
 10058 | D:11     | Reached skill level 9 in Armour
 10195 | D:11     | 10195 ||| FLEEEEING.
 10196 | D:11     | 10196 ||| FLEEEEING.
 10197 | D:11     | 10197 ||| FLEEEEING.
 10206 | D:11     | 10206 ||| FLEEEEING.
 10211 | D:11     | 10211 ||| FLEEEEING.
 10212 | D:11     | 10212 ||| FLEEEEING.
 10213 | D:11     | 10213 ||| FLEEEEING.
 10214 | D:11     | 10214 ||| FLEEEEING.
 10215 | D:11     | 10215 ||| FLEEEEING.
 10216 | D:11     | 10216 ||| FLEEEEING.
 10218 | D:11     | 10218 ||| FLEEEEING.
 10219 | D:11     | 10219 ||| FLEEEEING.
 10227 | D:11     | 10227 ||| FLEEEEING.
 10228 | D:11     | 10228 ||| FLEEEEING.
 10232 | D:11     | 10232 ||| FLEEEEING.
 10233 | D:11     | 10233 ||| STAIRDANCE
 10255 | D:10     | 10255 ||| UPGRADING to +2 buckler of protection.
 10265 | D:10     | 10265 ||| DROPPING +0 buckler.
 10266 | D:10     | 10266 ||| DROPPING amulet of regeneration.
 10267 | D:10     | 10267 ||| UPGRADING to amulet of faith.
 10277 | D:10     | 10277 ||| READING 6 scrolls of identify.
 10277 | D:10     | 10277 ||| IDENTIFYING bubbling red potion
 10278 | D:10     | 10278 ||| DROPPING potion of ambrosia.
 10368 | D:11     | Noticed a two-headed ogre
 10373 | D:11     | Killed a two-headed ogre
 10546 | D:11     | Found an ornate altar of the Wu Jian Council.
 10604 | D:11     | 10604 ||| PLANNING LAIR
 10638 | Lair:1   | Entered Level 1 of the Lair of Beasts
 10703 | Lair:1   | 10703 ||| INVOKING Heroism.
 10774 | Lair:1   | 10774 ||| Stepping ~*~*~tactically~*~*~ (stealth).
 10797 | Lair:1   | 10797 ||| Stepping ~*~*~tactically~*~*~ (stealth).
 10814 | Lair:1   | 10814 ||| INVOKING Heroism.
 11009 | Lair:1   | 11009 ||| INVOKING Heroism.
 11035 | Lair:1   | 11035 ||| READING scroll of enchant weapon.
 11035 | Lair:1   | 11035 ||| ENCHANTING +3 war axe of venom.
 11142 | Lair:1   | 11142 ||| INVOKING Heroism.
 11157 | Lair:1   | Reached skill level 13 in Axes
 11159 | Lair:1   | Reached XP level 13. HP: 77/82 MP: 20/20
 11188 | Lair:1   | 11188 ||| INVOKING Finesse.
 11235 | Lair:1   | 11235 ||| READING scroll of brand weapon.
 11235 | Lair:1   | 11235 ||| BRANDING +4 war axe of venom.
 11236 | Lair:1   | 11236 ||| DROPPING +0 morningstar.
 11461 | Lair:1   | 11461 ||| DROPPING ring of see invisible.
 11462 | Lair:1   | 11462 ||| READING 6 scrolls of identify.
 11462 | Lair:1   | 11462 ||| IDENTIFYING fuming puce potion
 11463 | Lair:1   | 11463 ||| DROPPING potion of berserk rage.
 11640 | Lair:2   | 11640 ||| Stepping ~*~*~tactically~*~*~ (hiding).
 11701 | Lair:2   | Noticed Sonja
 11747 | Abyss:1  | Cast into level 1 of the Abyss (Sonja)
 11770 | Abyss:1  | 11770 ||| INVOKING Heroism.
 11789 | Abyss:1  | 11789 ||| Stepping ~*~*~tactically~*~*~ (stealth).
 11791 | Abyss:1  | 11791 ||| Stepping ~*~*~tactically~*~*~ (stealth).
 11793 | Abyss:1  | 11793 ||| Stepping ~*~*~tactically~*~*~ (stealth).
 11794 | Abyss:1  | 11794 ||| Stepping ~*~*~tactically~*~*~ (stealth).
 11795 | Abyss:1  | 11795 ||| Stepping ~*~*~tactically~*~*~ (hiding).
 11796 | Abyss:1  | 11796 ||| Stepping ~*~*~tactically~*~*~ (hiding).
 11798 | Abyss:1  | 11798 ||| Stepping ~*~*~tactically~*~*~ (hiding).
 11871 | Abyss:1  | 11871 ||| Stepping ~*~*~tactically~*~*~ (stealth).
 11890 | Abyss:1  | 11890 ||| Stepping ~*~*~tactically~*~*~ (stealth).
 11920 | Abyss:1  | 11920 ||| INVOKING Heroism.
 11933 | Abyss:1  | HP: 16/65 [wretched star/lance of force (12)]
 11934 | Abyss:1  | 11934 ||| READING 8 scrolls of teleportation.
 11935 | Abyss:1  | 11935 ||| DRINKING 2 potions of heal wounds.
 11976 | Abyss:1  | Noticed a white draconian stormcaller
 11977 | Abyss:1  | 11977 ||| Stepping ~*~*~tactically~*~*~ (stealth).
 11979 | Abyss:1  | Noticed a starcursed mass
 11982 | Abyss:1  | Killed a white draconian stormcaller
 11988 | Abyss:1  | 11988 ||| INVOKING Heroism.
 11995 | Abyss:1  | HP: 15/65 [starcursed mass/accursed screaming (6)]
 11996 | Abyss:1  | 11996 ||| READING 7 scrolls of teleportation.
 11997 | Abyss:1  | 11997 ||| DRINKING potion of heal wounds.
 11998 | Abyss:1  | 11998 ||| INVOKING Heroism.
 12001 | Abyss:1  | HP: 13/65 [starcursed mass/accursed screaming (8)]
 12003 | Abyss:1  | Reached skill level 14 in Axes
 12096 | Abyss:1  | 12096 ||| Stepping ~*~*~tactically~*~*~ (stealth).
 12098 | Abyss:1  | 12098 ||| Stepping ~*~*~tactically~*~*~ (stealth).
 12099 | Abyss:1  | 12099 ||| Stepping ~*~*~tactically~*~*~ (stealth).
 12100 | Abyss:1  | 12100 ||| INVOKING Heroism.
 12142 | Abyss:1  | 12142 ||| Stepping ~*~*~tactically~*~*~ (stealth).
 12158 | Abyss:1  | 12158 ||| INVOKING Heroism.
 12178 | Abyss:1  | 12178 ||| Stepping ~*~*~tactically~*~*~ (stealth).
 12187 | Abyss:1  | 12187 ||| Stepping ~*~*~tactically~*~*~ (stealth).
 12203 | Abyss:1  | 12203 ||| Stepping ~*~*~tactically~*~*~ (stealth).
 12204 | Abyss:1  | Noticed a starcursed mass
 12205 | Abyss:1  | 12205 ||| Stepping ~*~*~tactically~*~*~ (stealth).
 12218 | Abyss:1  | 12218 ||| Stepping ~*~*~tactically~*~*~ (hiding).
 12218 | Abyss:1  | HP: 1/65 [large abomination (20)]
 12219 | Abyss:1  | 12219 ||| READING 6 scrolls of teleportation.
 12220 | Abyss:1  | 12220 ||| INVOKING Heroism.
 12223 | Abyss:1  | Killed from afar by a starcursed mass

Levels and vault maps discovered:
D:1:      matt_arrival_refuge, layout_rooms, minmay_misc_feat_plants
D:2:      layout_loops_ring, ebering_ecumenical_altar_mist, basic_altar,
          st_stairs_11, minmay_misc_feat_doors
D:3:      layout_rooms, mainiacjoe_overflow_24_doors,
          mainiacjoe_overflow_large_starburst, serial_forest,
          infiniplex_forest_lined_1, infiniplex_forest_lined_4_way,
          infiniplex_forest_zigzag_2, infiniplex_forest_clump_long,
          infiniplex_forest_clump_diagonal, infiniplex_forest_zigzag_1,
          infiniplex_forest_clump_double, infiniplex_forest_straight_4
D:4:      layout_cave_pods, kennysheep_little_box, uniq_natasha, uniq_grinder
D:5:      layout_layer_cave, minmay_temple_entry_butterflies,
          serial_bayou_pond_c, nicolae_shop_vocational, uniq_sigmund
D:6:      layout_basic
D:7:      layout_basic, nicolae_sif_muna_little_library,
          minmay_tree_intersection, nicolae_wooded_promenade
D:8:      layout_cave_pools, fedhas_altar_4, gammafunk_ghost_gnarly_gnolls
D:9:      layout_roguey [special_room_orc], zombieorc1_lemuel,
          hangedman_abyss_or_decor_lesser_grid
D:10:     layout_irregular_city, marbit_many_paths,
          mainiacjoe_overflow_cross_hatched, overflow_temple_1_default,
          lemuel_round_altar, wad_dig_loot
D:11:     minmay_the_grid_plus [minmay_the_grid_square_x,
          minmay_the_grid_outer_circle, minmay_the_grid_slots,
          minmay_the_grid_aliased_spiral, minmay_the_grid_prize_four_corners],
          layout_stronghold, nicolae_wu_jian_wuxing_cycle
Temple:   ebering_untended_altars
Lair:1:   layout_chaotic_city
Lair:2:   layout_regular_city, shoals_dummy_entry,
          hellmonk_spider_entry_life_and_decay, basic_altar, uniq_sonja,
          uniq_amaemon
Abyss:1:  base: IceCv, gammafunk_corrupted_shrine

Skill      XL: |  1  2  3  4  5  6  7  8  9 10 11 12 13 |
---------------+----------------------------------------+-----
Axes           | 2 3 4 5 6 8 9 10 11 13 14 | 14.0
Fighting       | 4 5 6 8 10 | 10.1
Dodging        | 3 |  3.0
Throwing       | 1 2 |  2.0
Invocations    | 3 4 6 9 10 | 10.1
Armour         | 4 6 8 9 10 | 10.1
Shields        | 6 |  6.7

Action                     |  1- 3 |  4- 6 |  7- 9 | 10-12 | 13-15 || total
---------------------------+-------+-------+-------+-------+-------++-------
  Melee: War axe           |    58 |   173 |   113 |   636 |   127 ||  1107
         Morningstar       |       |       |       |     4 |       ||     4
  Throw: Boomerang         |       |       |    25 |   147 |    24 ||   196
 Invoke: Heroism           |       |       |     5 |    20 |     7 ||    32
         Finesse           |       |       |       |     1 |     1 ||     2
    Use: Scroll            |     4 |     7 |     7 |     9 |     5 ||    32
         Potion            |       |     2 |     1 |     5 |     2 ||    10
 Armour: Scale mail        |    33 |    72 |     8 |       |       ||   113
         Chain mail        |       |       |    15 |       |       ||    15
         Plate armour      |       |       |    21 |   197 |    53 ||   271
  Dodge: Dodged            |    34 |    66 |    57 |   358 |    86 ||   601
  Block: Buckler           |    19 |    22 |    18 |   232 |    41 ||   332
         Reflection        |       |       |       |     7 |       ||     7

Table legend:
 A = Non-vault XP
 B = Vault XP
 C = Vault XP percentage of total XP
 D = Non-vault monster count
 E = Vault monster count
 F = Vault count percentage of total count
                 A         B        C        D         E       F
            +---------+---------+-------+---------+---------+-------
      Total |   29783 |   11913 |  28.6 |     280 |      87 |  23.7
            +---------+---------+-------+---------+---------+-------
        D:1 |      32 |       0 |   0.0 |      18 |       0 |   0.0
        D:2 |     123 |      10 |   7.5 |      28 |       4 |  12.5
        D:3 |     176 |       0 |   0.0 |      30 |       0 |   0.0
        D:4 |     120 |     325 |  73.0 |      15 |       2 |  11.8
        D:5 |     457 |     231 |  33.6 |       9 |       1 |  10.0
        D:6 |     654 |       0 |   0.0 |       8 |       0 |   0.0
        D:7 |    1449 |       0 |   0.0 |      28 |       0 |   0.0
        D:8 |    3323 |       0 |   0.0 |      43 |       0 |   0.0
        D:9 |    2775 |    1050 |  27.5 |      24 |      55 |  69.6
       D:10 |    1790 |     561 |  23.9 |      10 |       3 |  23.1
       D:11 |    5082 |    9507 |  65.2 |      28 |      21 |  42.9
     Lair:1 |    5694 |       0 |   0.0 |      19 |       0 |   0.0
     Lair:2 |    1840 |     229 |  11.1 |       4 |       1 |  20.0
    Abyss:1 |    6268 |       0 |   0.0 |      16 |       0 |   0.0
            +---------+---------+-------+---------+---------+-------
